 Dungeon Crawl Stone Soup version 0.29.1-15-g9cfb28693d (console) character file.

Game seed: 12921311421589402495

0 sentinel the Digger (level 1, 14/14 HPs)
             Began as a Meteoran Earth Elementalist on Aug 20, 2023.
             Quit the game on level 1 of the Dungeon.
             The game lasted 00:00:04 (11 turns).

sentinel the Digger (Meteoran Earth Elementalist)     Turns: 11, Time: 00:00:05

Health: 14/14      AC:  2    Str:  9    XL:     1   Next: 0%
Magic:  5/5        EV: 12    Int: 16    God:
Gold:   0          SH:  0    Dex: 14    Spells: 4/5 levels left

rFire   . . .      SeeInvis .   (no weapon)
rCold   . . .      Faith    .   (no shield)
rNeg    . . .      Spirit   .   a - +0 robe
rPois   .          Reflect  .   (no helmet)
rElec   .          Harm     .   (no cloak)
rCorr   .          Rampage  .   (no gloves)
Will    .....                   (no boots)
Stlth   +.........              (no amulet)
HPRegen 0.04/turn               (no ring)
MPRegen 0.09/turn               (no ring)

@: glowing
A: sense surroundings 1, otherworldly, glowing, explore regen
a: no special abilities


You were on level 1 of the Dungeon.
You visited 1 branch of the dungeon, and saw 1 of its levels.

Inventory:

Armour
 a - a +0 robe (worn)
Potions
 b - a potion of magic


   Skills:
 - Level 2.4 Dodging
 - Level 1.4 Stealth
 - Level 2.6 Spellcasting
 - Level 1.2 Transmutations
 + Level 3.6 Earth Magic


You had 4 spell levels left.
You knew the following spells:

 Your Spells              Type           Power      Damage    Failure   Level
a - Sandblast             Erth           26%        2d8       4%          1

Your spell library contained the following spells:

 Spells                   Type           Power      Damage    Failure   Level
 Passwall                 Tmut/Erth      7%         N/A       11%         2
 Stone Arrow              Conj/Erth      14%        3d7       28%         3
 Petrify                  Tmut/Erth      9%         N/A       56%         4


Dungeon Overview and Level Annotations

Branches:
Dungeon (1/15) Zot: 589

Altars:


Innate Abilities, Weirdness & Mutations

You passively map a small area around you.
You are easily found by Zot.
You glow in the dark.
You regain HP and MP as you explore.


Message History

Unknown command.
The hobgoblin shouts!
The hobgoblin hits the plant.
The plant begins to die.
Found 8 gold pieces.
The hobgoblin hits the plant.
The rat bites the plant.
The plant begins to die.
Unknown command.
The hobgoblin completely misses the plant.
The rat bites the plant.
The plant begins to die.
The hobgoblin hits the plant.
The plant begins to die.
The rat bites the plant.
Found a stone staircase leading down.
A nearby plant withers and dies.
The rat twitches its whiskers.
The rat bites the plant. x2
Unknown command.
A nearby plant withers and dies.
The hobgoblin hits the plant.
The plant begins to die.
A nearby plant withers and dies.
The rat bites the plant.
The plant begins to die.
The hobgoblin hits the plant.
The plant begins to die.
The rat bites the plant.
The plant begins to die.
The rat bites the plant.
The plant begins to die.
A bat comes into view.
A nearby plant withers and dies.
The rat bites the plant. x2
Unknown command.
But you're not safe!
Unknown command.
But you're not safe!
Unknown command.
Your line of fire to the hobgoblin is blocked by a plant.
Your line of fire to the hobgoblin is blocked by a plant.
Your line of fire to the hobgoblin is blocked by a plant.
Unknown command.
Your line of fire to the hobgoblin is blocked by a plant.
Unknown command.
Your line of fire to the hobgoblin is blocked by a plant.
Unknown command.
Your line of fire to the hobgoblin is blocked by a plant.
Unknown command.
Your line of fire to the hobgoblin is blocked by a plant.
Your line of fire to the hobgoblin is blocked by a plant.
Your line of fire to the hobgoblin is blocked by a plant.
Unknown command.
Your line of fire to the hobgoblin is blocked by a plant.
Unknown command.
Your line of fire to the hobgoblin is blocked by a plant.
Unknown command.
Your line of fire to the hobgoblin is blocked by a plant.
Unknown command.
Your line of fire to the hobgoblin is blocked by a plant.
Your line of fire to the hobgoblin is blocked by a plant.
Your line of fire to the hobgoblin is blocked by a plant.
Unknown command.
Your line of fire to the hobgoblin is blocked by a plant.
Unknown command.
Your line of fire to the hobgoblin is blocked by a plant.
Unknown command.
Your line of fire to the hobgoblin is blocked by a plant.
Unknown command.
But you're not safe!
Unknown command.
But you're not safe!
Unknown command.
But you're not safe!
Unknown command.
But you're not safe!
Unknown command.
But you're not safe!
Unknown command.
Your line of fire to the hobgoblin is blocked by a plant.
Your line of fire to the hobgoblin is blocked by a plant.
Your line of fire to the hobgoblin is blocked by a plant.
Unknown command.
Your line of fire to the hobgoblin is blocked by a plant.
Unknown command.
Your line of fire to the hobgoblin is blocked by a plant.
Unknown command.
Your line of fire to the hobgoblin is blocked by a plant.
Unknown command.
Your line of fire to the hobgoblin is blocked by a plant.
Your line of fire to the hobgoblin is blocked by a plant.
Your line of fire to the hobgoblin is blocked by a plant.
Unknown command.
Your line of fire to the hobgoblin is blocked by a plant.
Unknown command.
Your line of fire to the hobgoblin is blocked by a plant.
Unknown command.
Your line of fire to the hobgoblin is blocked by a plant.
Unknown command.
Your line of fire to the hobgoblin is blocked by a plant.
Your line of fire to the hobgoblin is blocked by a plant.
Your line of fire to the hobgoblin is blocked by a plant.
Unknown command.
Your line of fire to the hobgoblin is blocked by a plant.
Unknown command.
Your line of fire to the hobgoblin is blocked by a plant.
Unknown command.
Your line of fire to the hobgoblin is blocked by a plant.
Unknown command.
But you're not safe!
Unknown command.
But you're not safe!
Unknown command.
But you're not safe!
Unknown command.
But you're not safe!
Unknown command.
But you're not safe!
Unknown command.
Your line of fire to the hobgoblin is blocked by a plant.
Your line of fire to the hobgoblin is blocked by a plant.
Your line of fire to the hobgoblin is blocked by a plant.
Unknown command.
Your line of fire to the hobgoblin is blocked by a plant.
Unknown command.
Your line of fire to the hobgoblin is blocked by a plant.
Unknown command.
Your line of fire to the hobgoblin is blocked by a plant.
Unknown command.
Your line of fire to the hobgoblin is blocked by a plant.
Your line of fire to the hobgoblin is blocked by a plant.
Your line of fire to the hobgoblin is blocked by a plant.
Unknown command.
Your line of fire to the hobgoblin is blocked by a plant.
Unknown command.
Your line of fire to the hobgoblin is blocked by a plant.
Unknown command.
Your line of fire to the hobgoblin is blocked by a plant.
Unknown command.
Your line of fire to the hobgoblin is blocked by a plant.
Your line of fire to the hobgoblin is blocked by a plant.
Your line of fire to the hobgoblin is blocked by a plant.
Unknown command.
Your line of fire to the hobgoblin is blocked by a plant.
Unknown command.
Your line of fire to the hobgoblin is blocked by a plant.
Unknown command.
Your line of fire to the hobgoblin is blocked by a plant.
Unknown command.
But you're not safe!
Unknown command.
But you're not safe!
Unknown command.
But you're not safe!
Unknown command.
But you're not safe!
Unknown command.
But you're not safe!
Unknown command.
Unknown command.
Unknown command.
Unknown command.
Are you sure you want to abandon this character and quit the game? (Confirm with "yes".) * PPPPP..<..PPPPPP...# * PPP..PPPPP..PPPP...# , PP.PPP...PPP.PP...#* PP.PP.PPP.PP.PP...# P.PP.PP.PP.PP.PP..### P.P.PP.P.PP.P.Prg....

P.P.P.PPP.P.P.Pr.....
P.P.PP.P.PP.P.PP.....
P.PP.PP.PP@PP....., ,
.PPP.PP.PPP.....
P...PPP.PPP.....


PPPP..PPPP>.... ....PPPPPPb.... ,, , P.PPPPPPPP..... , ....#####...... * ,....
...... * You could see a hobgoblin, a bat and 2 rats.

Vanquished Creatures (others)
  4 plants (D:1)
4 creatures vanquished.

Notes
Turn   | Place    | Note
-------+----------+-------------------------------------------
     0 | D:1      | sentinel the Meteoran Earth Elementalist began the quest
                  | for the Orb.
     0 | D:1      | Reached XP level 1. HP: 14/14 MP: 5/5
    11 | D:1      | Quit the game

Illustrated notes

Levels and vault maps discovered:
D:1:      roderic_crop_circles_arrival_small, layout_rooms,
          basic_ecumenical_altar, minivault_5
